 Dungeon Crawl Stone Soup version 0.28-a0-1524-ge72afd5fc6 (webtiles) character file.

Game seed: 15689216573892149424

44 psuckher the Sneak (level 3, 0/30 HPs)
             Began as a Barachi Delver on Jan 17, 2022.
             Succumbed to a scorpion's poison
             ... on level 5 of the Dungeon.
             The game lasted 00:02:00 (431 turns).

psuckher the Sneak (Barachi Delver)                  Turns: 431, Time: 00:02:01

Health: 0/30       AC:  6    Str: 15    XL:     3   Next: 62%
Magic:  3/3        EV: 10    Int: 10    God:
Gold:   17         SH:  0    Dex: 13    Spells: 2/2 levels left

rFire   . . .      SeeInvis .   a - +0 falchion
rCold   . . .      Faith    .   (no shield)
rNeg    . . .      Spirit   .   i - +0 scale mail
rPois   .          Reflect  .   (no helmet)
rElec   .          Harm     .   (no cloak)
rCorr   .          Rampage  .   (no gloves)
Will    .....                   (no boots)
Stlth   ++........              (no amulet)
HPRegen 0.10/turn               (no ring)
MPRegen 0.08/turn               (no ring)

@: lethally poisoned (0 -> -6), slow
A: amphibious, slowness 1, strong legs 1, +LOS
a: Hop


You were on level 5 of the Dungeon.
You visited 1 branch of the dungeon, and saw 2 of its levels.

You collected 17 gold pieces.

Inventory:

Hand Weapons
 a - a +0 falchion (weapon)
Armour
 b - a +0 leather armour
 i - a +0 scale mail (worn)
Wands
 g - a wand of digging (3)
Scrolls
 c - a scroll of fog
 d - a scroll of magic mapping
 j - a scroll of identify {unknown}
Potions
 f - a potion of haste
 h - 2 potions of curing {unknown}


   Skills:
 + Level 4.0 Fighting
 + Level 2.7 Long Blades
 + Level 0.2 Armour
 + Level 2.3 Dodging
 + Level 5.3 Stealth


You had 2 spell levels left.
You didn't know any spells.
Your spell library was empty.

Dungeon Overview and Level Annotations

Branches:
Dungeon (5/15)
 Temple: D:4-7

Altars:


Innate Abilities, Weirdness & Mutations

You are amphibious.
You cover ground slowly.
You can hop short distances.
You have an extended range of vision and can be seen from far away.


Message History

A hound comes into view.
The hound barks!
A scorpion comes into view.
The hound bites you but does no damage.
You hit the hound.
The hound is lightly wounded.
The hound closely misses you.
You closely miss the hound.
The hound is lightly wounded.
The hound bites you but does no damage. x2
You miss the hound.
The hound is lightly wounded.
The hound bites you. The hound barely misses you.
You closely miss the hound.
The hound is lightly wounded.
The hound bites you. The hound barely misses you.
You barely miss the hound.
The hound is lightly wounded.
The scorpion stings you.
You are poisoned.
The scorpion poisons you! The hound bites you.
You miss the hound.
The hound is lightly wounded.
You feel very sick. The hound barely misses you. The scorpion stings you!
* * * LOW HITPOINT WARNING * * *
The hound bites you but does no damage. The scorpion completely misses you.
You hit the hound.
The hound is moderately wounded.
* * * LOW HITPOINT WARNING * * *
You feel very sick. The hound bites you but does no damage.
The scorpion stings you but does no damage.
The hound bites you but does no damage.
As you read the scroll of fear, it crumbles to dust.
You assume a fearsome visage.
The hound looks frightened!
The scorpion looks frightened!
* * * LOW HITPOINT WARNING * * *
You feel sick.
You die...

######### #.......# . #.......#
.. #..<....# ... #.......# ....
########.......######.....
.#.................s...#
.#.....................#
.'..............@..h...#
.#.....................#
.#.....................#
.#.....................#
.########'##'########### .....#
........ .....#..........
.....#...........
###'#############################


You could see a scorpion (fleeing) and a hound (fleeing).

Vanquished Creatures
  A water moccasin skeleton (D:5)
1 creature vanquished.

Notes
Turn   | Place    | Note
-------+----------+-------------------------------------------
     0 | D:5      | psuckher the Barachi Delver began the quest for the Orb.
     0 | D:5      | Reached XP level 1. HP: 18/18 MP: 1/1
   150 | D:5      | Reached skill level 5 in Stealth
   150 | D:5      | Reached XP level 2. HP: 7/25 MP: 2/2
   150 | D:5      | Reached XP level 3. HP: 9/30 MP: 3/3
   421 | D:5      | Noticed a scorpion
   431 | D:5      | Succumbed to a scorpion's poison

Illustrated notes

Levels and vault maps discovered:
D:4:      layout_cave_pools, makhleb_blood_cavern_becter, serial_shops,
          nicolae_inconvenience_store, roderic_lattice_a, serial_park_tiny_2,
          uniq_blork_the_orc, uniq_crazy_yiuf_cottage
D:5:      layout_gridville, fountainhead

Skill      XL: |  1 |
---------------+----+-----
Fighting       | 4 |  4.0
Stealth        | 5 |  5.3
Long Blades    | |  2.7
Armour         | |  0.2
Dodging        | |  2.3

Action                   || total
-------------------------++-------
Melee: Falchion          ||    15
  Use: Scroll            ||     1
Armor: Scale mail        ||     8
Dodge: Dodged            ||    10

Table legend: (Time is in decaauts)
 A = Elapsed time spent in this place.
 B = Non-inter-level travel time spent in this place.
 C = Inter-level travel time spent in this place.
 D = Time resting spent in this place.
 E = Time spent auto-exploring this place.
 F = Levels seen in this place.
 G = Mean time per level.
                   A        B        C        D        E       F      G
               +--------+--------+--------+--------+--------+-----+--------+
         Total |    512 |    509 |      3 |      0 |      0 |   2 |  256.0 |
       Dungeon |    512 |    509 |      3 |      0 |      0 |   2 |  256.0 |
               +--------+--------+--------+--------+--------+-----+--------+

Top non-repeatable levels by time:
     D:5: 508 daAuts
     D:4: 4 daAuts
